| TOP OF THE 1ST |
|
Sarasota Eagles batting - Pitching for Bradenton Sox : LHP Bert Johnson
|
|
Pitching: LHP Bert Johnson
|
|
|
Batting: SHB Ramon Sambo
|
0-0: Called Strike 0-1: Swinging Strike 0-2: Foul Ball, location: 2F 0-2: Strikes out looking
|
|
Batting: RHB Gary Appino
|
0-0: Ball 1-0: Foul Ball, location: 2F 1-1: Ground out 5-3 (Groundball, 56S, EV 80.0 MPH)
|
|
Batting: RHB Thomas Brassil
|
0-0: Ball 1-0: Swinging Strike 1-1: Foul Ball, location: 2F 1-2: Ball 2-2: SINGLE (Line Drive, 9S, EV 106.9 MPH)
|
|
Batting: RHB Darrin Jackson
|
0-0: TRIPLE (Flyball, 89XD, EV 90.0 MPH) Thomas Brassil scores
|
|
Batting: RHB Jose Estrada
|
0-0: Foul Ball, location: 2F 0-1: Ball 1-1: Ball 2-1: Called Strike 2-2: Strikes out looking
|
| Top of the 1st over - 1 run, 2 hits, 0 errors, 1 left on base; Sarasota 1 - Bradenton 0 |
| BOTTOM OF THE 1ST |
|
Bradenton Sox batting - Pitching for Sarasota Eagles : LHP Juan Nieves
|
|
Pitching: LHP Juan Nieves
|
|
|
Batting: RHB Dave Coss
|
0-0: Called Strike 0-1: Ball 1-1: Swinging Strike 1-2: Foul Ball, location: 2F 1-2: Ball 2-2: Strikes out swinging
|
|
Batting: RHB Andre Wood
|
0-0: Ground out 4-3 (Groundball, 4, EV 96.9 MPH)
|
|
Batting: RHB William Murray
|
0-0: Ball 1-0: Swinging Strike 1-1: Ball 2-1: Foul Ball, location: 2F 2-2: Ground out 4-3 (Groundball, 4M, EV 83.8 MPH)
|
| Bottom of the 1st over - 0 runs, 0 hits, 0 errors, 0 left on base; Sarasota 1 - Bradenton 0 |
| TOP OF THE 2ND |
|
Sarasota Eagles batting - Pitching for Bradenton Sox : LHP Bert Johnson
|
|
Batting: RHB Matt Stark
|
0-0: Ball 1-0: Ball 2-0: Foul Ball, location: 2F 2-1: Ball 3-1: Base on Balls
|
|
Batting: RHB Ramon Henderson
|
0-0: Ball 1-0: Ball 2-0: Fly out, F7 (Flyball, 7S, EV 96.3 MPH)
|
|
Batting: LHB Dave Martinez
|
0-0: Ball 1-0: Foul Ball, location: 2F 1-1: Foul Ball, location: 2F 1-2: Strikes out looking
|
|
Batting: LHB Kevin Johnston
|
0-0: Swinging Strike 0-1: Swinging Strike 0-2: Ball 1-2: Fly out, F9 (Flyball, 9LS, EV 94.4 MPH)
|
| Top of the 2nd over - 0 runs, 0 hits, 0 errors, 1 left on base; Sarasota 1 - Bradenton 0 |
| BOTTOM OF THE 2ND |
|
Bradenton Sox batting - Pitching for Sarasota Eagles : LHP Juan Nieves
|
|
Batting: RHB Dave Hoeksema
|
0-0: SINGLE (Line Drive, 6MD, EV 99.4 MPH)
|
|
Batting: RHB Jerry Nalley
|
0-0: Grounds into double play, 6-4-3 (Groundball, 6D, EV 102.5 MPH)
|
|
Batting: SHB Thomas Colburn
|
0-0: Ball 1-0: Ground out 6-3 (Groundball, 56, EV 83.1 MPH)
|
| Bottom of the 2nd over - 0 runs, 1 hit, 0 errors, 0 left on base; Sarasota 1 - Bradenton 0 |
| TOP OF THE 3RD |
|
Sarasota Eagles batting - Pitching for Bradenton Sox : LHP Bert Johnson
|
|
Batting: SHB Ramon Sambo
|
0-0: Called Strike 0-1: Swinging Strike 0-2: Strikes out swinging
|
|
Batting: RHB Gary Appino
|
0-0: Called Strike 0-1: Ball 1-1: Foul Ball, location: 2F 1-2: Strikes out swinging
|
|
Batting: RHB Thomas Brassil
|
0-0: Ball 1-0: Ball 2-0: Called Strike 2-1: Foul Ball, location: 2F 2-2: Ball 3-2: Foul Ball, location: 2F 3-2: Base on Balls
|
|
Batting: RHB Darrin Jackson
|
0-0: Called Strike 0-1: Foul Ball, location: 2F 0-2: Ball 1-2: Foul Ball, location: 2F 1-2: Fly out, F9 (Flyball, 9D, EV 99.4 MPH)
|
| Top of the 3rd over - 0 runs, 0 hits, 0 errors, 1 left on base; Sarasota 1 - Bradenton 0 |
| BOTTOM OF THE 3RD |
|
Bradenton Sox batting - Pitching for Sarasota Eagles : LHP Juan Nieves
|
|
Batting: RHB Rene Gonzales
|
0-0: Called Strike 0-1: Ball 1-1: Foul Ball, location: 2F 1-2: Strikes out swinging
|
|
Batting: RHB Robert Parr
|
0-0: Called Strike 0-1: Ball 1-1: Swinging Strike 1-2: Ball 2-2: Strikes out swinging
|
|
Batting: RHB Anthony Biafore
|
0-0: Ball 1-0: Called Strike 1-1: Ball 2-1: Foul Ball, location: 2F 2-2: Ball 3-2: Base on Balls
|
|
Batting: RHB Dave Coss
|
0-0: Called Strike 0-1: Ball 1-1: Called Strike 1-2: Strikes out swinging
|
| Bottom of the 3rd over - 0 runs, 0 hits, 0 errors, 1 left on base; Sarasota 1 - Bradenton 0 |
| TOP OF THE 4TH |
|
Sarasota Eagles batting - Pitching for Bradenton Sox : LHP Bert Johnson
|
|
Batting: RHB Jose Estrada
|
0-0: Ground out 6-3 (Groundball, 6MS, EV 79.4 MPH)
|
|
Batting: RHB Matt Stark
|
0-0: Called Strike 0-1: Foul Ball, location: 2F 0-2: Foul Ball, location: 2F 0-2: Ball 1-2: Fly out, F7 (Flyball, 7LM, EV 108.8 MPH)
|
|
Batting: RHB Ramon Henderson
|
0-0: Ball 1-0: Foul Ball, location: 2F 1-1: Ground out 5-3 (Groundball, 56, EV 85.0 MPH)
|
| Top of the 4th over - 0 runs, 0 hits, 0 errors, 0 left on base; Sarasota 1 - Bradenton 0 |
| BOTTOM OF THE 4TH |
|
Bradenton Sox batting - Pitching for Sarasota Eagles : LHP Juan Nieves
|
|
Batting: RHB Andre Wood
|
0-0: Called Strike 0-1: Ball 1-1: Ball 2-1: Ball 3-1: Foul Ball, location: 2F 3-2: Foul Ball, location: 2F 3-2: Base on Balls
|
|
Batting: RHB William Murray
|
0-0: Ball 1-0: SINGLE (Line Drive, 78S, EV 99.4 MPH) Andre Wood to second
|
|
Batting: RHB Dave Hoeksema
|
0-0: Called Strike 0-1: Ball 1-1: Ball 2-1: Foul Ball, location: 2F 2-2: Fielders Choice at 2nd, 6-4 (Groundball, 6M, EV 100.6 MPH) Andre Wood to third
|
|
Batting: RHB Jerry Nalley
|
0-0: Called Strike 0-1: Ball 1-1: Called Strike 1-2: Reached on error, E5 (Groundball, 56, EV 105.6 MPH) Andre Wood scores Dave Hoeksema to second
|
|
Batting: SHB Thomas Colburn
|
0-0: Ball 1-0: Called Strike 1-1: Swinging Strike 1-2: Foul Ball, location: 2F 1-2: Ball 2-2: Strikes out swinging
|
|
Batting: RHB Rene Gonzales
|
0-0: Ground out 5-3 (Groundball, 5S, EV 65.0 MPH)
|
| Bottom of the 4th over - 1 run, 1 hit, 1 error, 2 left on base; Sarasota 1 - Bradenton 1 |
| TOP OF THE 5TH |
|
Sarasota Eagles batting - Pitching for Bradenton Sox : LHP Bert Johnson
|
|
Batting: LHB Dave Martinez
|
0-0: Ball 1-0: Ball 2-0: Ball 3-0: Called Strike 3-1: Foul Ball, location: 2F 3-2: Ground out 3-1 (Groundball, 3S, EV 72.5 MPH)
|
|
Batting: LHB Kevin Johnston
|
0-0: Called Strike 0-1: Swinging Strike 0-2: Ball 1-2: Ball 2-2: Ground out 6-3 (Groundball, 56, EV 107.5 MPH)
|
|
Batting: SHB Ramon Sambo
|
0-0: Ball 1-0: Called Strike 1-1: Foul Ball, location: 2F 1-2: Foul Ball, location: 2F 1-2: Ground out 6-3 (Groundball, 6, EV 91.9 MPH)
|
| Top of the 5th over - 0 runs, 0 hits, 0 errors, 0 left on base; Sarasota 1 - Bradenton 1 |
| BOTTOM OF THE 5TH |
|
Bradenton Sox batting - Pitching for Sarasota Eagles : LHP Juan Nieves
|
|
Batting: RHB Robert Parr
|
0-0: Ball 1-0: Called Strike 1-1: Foul Ball, location: 2F 1-2: Ball 2-2: Fly out, F8 (Flyball, 8RM, EV 89.4 MPH)
|
|
Batting: RHB Anthony Biafore
|
0-0: Foul Ball, location: 2F 0-1: Called Strike 0-2: Strikes out swinging
|
|
Batting: RHB Dave Coss
|
0-0: Ball 1-0: Ground out 6-3 (Groundball, 6, EV 84.4 MPH)
|
| Bottom of the 5th over - 0 runs, 0 hits, 0 errors, 0 left on base; Sarasota 1 - Bradenton 1 |
| TOP OF THE 6TH |
|
Sarasota Eagles batting - Pitching for Bradenton Sox : LHP Bert Johnson
|
|
Batting: RHB Gary Appino
|
0-0: Ball 1-0: Ground out 6-3 (Groundball, 6M, EV 95.6 MPH)
|
|
Batting: RHB Thomas Brassil
|
0-0: Ball 1-0: Ball 2-0: Called Strike 2-1: Ground out 6-3 (Groundball, 6M, EV 80.0 MPH)
|
|
Batting: RHB Darrin Jackson
|
0-0: Ball 1-0: DOUBLE (Line Drive, 9LS, EV 91.3 MPH)
|
|
Batting: RHB Jose Estrada
|
0-0: Ball 1-0: Ground out 6-3 (Groundball, 56, EV 98.8 MPH)
|
| Top of the 6th over - 0 runs, 1 hit, 0 errors, 1 left on base; Sarasota 1 - Bradenton 1 |
| BOTTOM OF THE 6TH |
|
Bradenton Sox batting - Pitching for Sarasota Eagles : LHP Juan Nieves
|
|
Batting: RHB Andre Wood
|
0-0: Swinging Strike 0-1: Ball 1-1: Fly out, F8 (Flyball, 8RS, EV 87.5 MPH)
|
|
Batting: RHB William Murray
|
0-0: Called Strike 0-1: Foul Ball, location: 2F 0-2: Ball 1-2: Ball 2-2: Ground out 5-3 (Groundball, 5, EV 96.9 MPH)
|
|
Batting: RHB Dave Hoeksema
|
0-0: Called Strike 0-1: Ball 1-1: Fly out, F3 (Flyball, 3D, EV 78.1 MPH)
|
| Bottom of the 6th over - 0 runs, 0 hits, 0 errors, 0 left on base; Sarasota 1 - Bradenton 1 |
| TOP OF THE 7TH |
|
Sarasota Eagles batting - Pitching for Bradenton Sox : LHP Bert Johnson
|
|
Batting: RHB Matt Stark
|
0-0: Called Strike 0-1: Ball 1-1: Foul Ball, location: 2F 1-2: Fly out, F6 (Flyball, 56D, EV 81.3 MPH)
|
|
Batting: RHB Ramon Henderson
|
0-0: Swinging Strike 0-1: Ball 1-1: Ball 2-1: Called Strike 2-2: Strikes out swinging
|
|
Batting: LHB Dave Martinez
|
0-0: Ball 1-0: SINGLE (Flyball, 5D, EV 87.5 MPH)
|
|
Batting: LHB Kevin Johnston
|
0-0: Foul Ball, location: 2F 0-1: DOUBLE (Line Drive, 9LM, EV 101.3 MPH) Dave Martinez to third Runner from 3rd tries for Home, SAFE, throw by RF to home
|
|
Batting: SHB Ramon Sambo
|
0-0: Ball 1-0: Called Strike 1-1: Ball 2-1: Foul Ball, location: 2F 2-2: Strikes out looking
|
| Top of the 7th over - 1 run, 2 hits, 0 errors, 1 left on base; Sarasota 2 - Bradenton 1 |
| BOTTOM OF THE 7TH |
|
Bradenton Sox batting - Pitching for Sarasota Eagles : LHP Juan Nieves
|
|
Batting: RHB Jerry Nalley
|
0-0: Foul Ball, location: 2F 0-1: Swinging Strike 0-2: Ball 1-2: Foul Ball, location: 2F 1-2: Foul Ball, location: 2F 1-2: Ball 2-2: Foul Ball, location: 2F 2-2: Foul Ball, location: 2F 2-2: Foul Ball, location: 2F 2-2: Ball 3-2: Foul Ball, location: 2F 3-2: Foul Ball, location: 2F 3-2: Base on Balls
|
|
Batting: SHB Thomas Colburn
|
0-0: Ball 1-0: Reached on error, E1 (Groundball, P, EV 43.8 MPH) Jerry Nalley to third
|
|
Pitching: RHP Ricky Rodriguez
|
|
|
Batting: RHB Rene Gonzales
|
0-0: Called Strike 0-1: Ball 1-1: Called Strike 1-2: Ball 2-2: Strikes out swinging
|
|
Pinch Hitting: RHB Dennis Tiefenthaler
|
0-0: Ball 1-0: Ball 2-0: Called Strike 2-1: Ball 3-1: Base on Balls
|
|
Batting: RHB Anthony Biafore
|
0-0: Called Strike 0-1: Ball 1-1: Ball 2-1: Foul Ball, location: 2F 2-2: Foul Ball, location: 2F 2-2: Strikes out swinging
|
|
Batting: RHB Dave Coss
|
0-0: Ball 1-0: Ball 2-0: Ball 3-0: Called Strike 3-1: Swinging Strike 3-2: Base on Balls Jerry Nalley scores Thomas Colburn to third Dennis Tiefenthaler to second
|
|
Batting: RHB Andre Wood
|
0-0: Fielders Choice at 2nd, 6-4 (Groundball, 6D, EV 76.3 MPH)
|
| Bottom of the 7th over - 1 run, 0 hits, 1 error, 3 left on base; Sarasota 2 - Bradenton 2 |
| TOP OF THE 8TH |
|
Sarasota Eagles batting - Pitching for Bradenton Sox : LHP Bert Johnson
|
|
Now in RF: Dennis Tiefenthaler
|
|
|
Batting: RHB Gary Appino
|
0-0: Foul Ball, location: 2F 0-1: Ball 1-1: Ball 2-1: Foul Ball, location: 2F 2-2: Ground out 6-3 (Groundball, 6, EV 82.5 MPH)
|
|
Batting: RHB Thomas Brassil
|
0-0: Foul Ball, location: 2F 0-1: Fly out, F8 (Flyball, 8RM, EV 88.8 MPH)
|
|
Batting: RHB Darrin Jackson
|
0-0: Called Strike 0-1: Ball 1-1: Ball 2-1: Fly out, F7 (Line Drive, 7, EV 100.0 MPH)
|
| Top of the 8th over - 0 runs, 0 hits, 0 errors, 0 left on base; Sarasota 2 - Bradenton 2 |
| BOTTOM OF THE 8TH |
|
Bradenton Sox batting - Pitching for Sarasota Eagles : RHP Ricky Rodriguez
|
|
Batting: RHB William Murray
|
0-0: Called Strike 0-1: Foul Ball, location: 2F 0-2: Ball 1-2: Ball 2-2: SINGLE (Groundball, 5D, EV 100.0 MPH)
|
|
Batting: RHB Dave Hoeksema
|
0-0: Called Strike 0-1: SINGLE (Groundball, 6D, EV 102.5 MPH) William Murray to second
|
|
Batting: RHB Jerry Nalley
|
0-0: Fielders Choice at 2nd, 5-4 (Groundball, 5, EV 103.1 MPH) William Murray to third
|
|
Batting: SHB Thomas Colburn
|
0-0: Ball 1-0: Ball 2-0: Called Strike 2-1: Foul Ball, location: 2F 2-2: Ball 3-2: Foul Ball, location: 2F 3-2: DOUBLE (Line Drive, 7LS, EV 103.1 MPH) William Murray scores Jerry Nalley to third Jerry Nalley scores
|
|
Batting: RHB Rene Gonzales
|
0-0: Ball 1-0: Ball 2-0: Ground out 5-3 (Groundball, 56D, EV 79.4 MPH)
|
|
Batting: RHB Dennis Tiefenthaler
|
0-0: Ball 1-0: Ball 2-0: Ball 3-0: Called Strike 3-1: Called Strike 3-2: Foul Ball, location: 2F 3-2: Base on Balls
|
|
Batting: RHB Anthony Biafore
|
0-0: Called Strike 0-1: Ball 1-1: Foul Ball, location: 2F 1-2: Strikes out swinging
|
| Bottom of the 8th over - 2 runs, 3 hits, 0 errors, 2 left on base; Sarasota 2 - Bradenton 4 |
| TOP OF THE 9TH |
|
Sarasota Eagles batting - Pitching for Bradenton Sox : LHP Bert Johnson
|
|
Pitching: RHP Barry Govero
|
|
|
Batting: RHB Jose Estrada
|
0-0: Called Strike 0-1: Ball 1-1: SINGLE (Flyball, 9S, EV 95.6 MPH)
|
|
Batting: RHB Matt Stark
|
0-0: Swinging Strike 0-1: Ball 1-1: Swinging Strike 1-2: Strikes out swinging
|
|
Pinch Hitting: LHB John Metasavage
|
0-0: Called Strike 0-1: Called Strike 0-2: Ball 1-2: Ball 2-2: Strikes out swinging
|
|
Batting: LHB Dave Martinez
|
0-0: Called Strike 0-1: Called Strike 0-2: SINGLE (Groundball, 4M, EV 96.9 MPH) (infield hit) Jose Estrada to second
|
|
Pinch Hitting: LHB Ricky Lemon
|
0-0: Fly out, F8 (Line Drive, 8LM, EV 94.4 MPH)
|
| Top of the 9th over - 0 runs, 2 hits, 0 errors, 2 left on base; Sarasota 2 - Bradenton 4 |
|